 Dungeon Crawl Stone Soup version 0.17.1-1-g73c8601 (webtiles) character file.

190417 lucasterio the Warrior (level 17, -1/142 HPs)
             Began as a Demonspawn Berserker on Dec 11, 2015.
             Was the Champion of Trog.
             Drowned by a drowned soul (9 damage)
             ... summoned by a merfolk avatar
             ... on level 3 of the Shoals on Dec 12, 2015.
             The game lasted 03:10:09 (38615 turns).

lucasterio the Warrior (Demonspawn Berserker)      Turns: 38615, Time: 03:10:10

Health: -1/142     AC: 27    Str: 33    XL:     17   Next: 98%
Magic:  0/21       EV: 10    Int:  4    God:    Trog [******]
Gold:   1120       SH: 15    Dex: 21    Spells: 0 memorised, 16 levels left

rFire  + . .     SeeInvis .     M - +13 war axe of the Middle {chop, rPois Dex+2 Stlth+}
rCold  . . .     Clarity  .     K - +8 chain mail of Mesaujoa {MR++}
rNeg   + . .     SustAt   .     R - +2 shield {rF+}
rPois  +         Gourm    +     G - +1 hat of the Forgotten Nights {rElec rPois Str+3 Int-2}
rElec  +         Spirit   +     (no cloak)
rCorr  .         Warding  .     I - +2 pair of gloves {archery}
rMut   .         Stasis   .     A - +0 pair of boots "Henag" {rN+ Str+5 Int-5}
MR     +++..                    i - amulet of the gourmand
Stlth  ++........               b - +3 ring of dexterity
                                J - +2 ring of strength

@: exhausted, mesmerised, slowed, very slow, extremely resistant to hostile
enchantments, unstealthy
A: horns 2, thin skeletal structure 2, nightstalker 1, augmentation 1, magic
shield, magic regeneration
a: Berserk, Trog's Hand, Brothers in Arms, Burn Spellbooks, Renounce Religion


You were on level 3 of the Shoals.
You worshipped Trog.
Trog was exalted by your worship.
You were very full.

You visited 5 branches of the dungeon, and saw 28 of its levels.
You visited 1 bazaar.
You also visited: Ice Cave.

You collected 2951 gold pieces.
You spent 1831 gold pieces at shops.

Inventory:

Hand Weapons
 o - the +6 war axe "Cuiten" {flame, +Blink MR+}
   (You found it on level 5 of the Lair of Beasts)

   It has been specially enchanted to burn those struck by it, causing extra
   injury to most foes and up to half again as much damage against particularly
   susceptible opponents.
   Big, fiery blades are also staple armaments of hydra-hunters.
   It affects your resistance to hostile enchantments.
   It lets you blink.
 r - the +4 rapier "Ciexio" {vamp, rF+ rN+++ MR+ Dex-3, unknown}
   (Trog gifted it to you on level 2 of the Shoals)

   It inflicts no extra harm, but heals its wielder somewhat when it strikes a
   living foe.
   It affects your dexterity (-3).
   It protects you from fire.
   It renders you almost immune to negative energy.
   It affects your resistance to hostile enchantments.
 y - the +3 flail "Emuleohe" {freeze, *Noise rElec Str+2, unknown}
   (You took it off a siren on level 2 of the Shoals)

   It has been specially enchanted to freeze those struck by it, causing extra
   injury to most foes and up to half again as much damage against particularly
   susceptible opponents.
   It can also slow down cold-blooded creatures.
   It affects your strength (+2).
   It insulates you from electricity.
   It may make noises in combat.
 H - a +4 longbow of freezing
 M - the +13 war axe of the Middle (weapon) {chop, rPois Dex+2 Stlth+}
   (Trog gifted it to you on level 11 of the Dungeon)

   It inflicts extra damage upon your enemies.
   It affects your dexterity (+2).
   It protects you from poison.
   It makes you more stealthy.
 X - a +2 longbow of flaming
Missiles
 O - 543 arrows (quivered)
Armour
 A - the +0 pair of boots "Henag" (worn) {rN+ Str+5 Int-5}
   (You found it on level 4 of the Dungeon)

   It affects your strength (+5).
   It affects your intelligence (-5).
   It protects you from negative energy.
 C - the +4 ring mail "Saoheb" {Regen+ MP-9 Dex+5, unknown}
   (You found it on level 3 of the Shoals)

   It affects your dexterity (+5).
   It affects your magic capacity (-9).
   It increases your rate of regeneration.
 G - the +1 hat of the Forgotten Nights (worn) {rElec rPois Str+3 Int-2}
   (You found it on level 2 of the Orcish Mines)

   It affects your strength (+3).
   It affects your intelligence (-2).
   It insulates you from electricity.
   It protects you from poison.
 I - a +2 pair of gloves of archery (worn)
 K - the +8 chain mail of Mesaujoa (worn) {MR++}
   (You found it on level 6 of the Dungeon)

   It affects your resistance to hostile enchantments.
 R - a +2 shield of fire resistance (worn)
Jewellery
 b - a +3 ring of dexterity (right hand)
 i - an amulet of the gourmand (around neck)
 m - a +3 ring of protection
 J - a +2 ring of strength (left hand)
 W - an uncursed ring of see invisible
Wands
 d - a wand of fireball (11)
 l - a wand of teleportation (8)
 E - a wand of heal wounds (4)
 Q - a wand of digging (9)
Scrolls
 e - 2 scrolls of recharging
 j - 12 scrolls of remove curse
 q - 5 scrolls of magic mapping
 t - 2 scrolls of fog {unknown}
 z - 2 scrolls of identify
 F - 8 scrolls of immolation
 P - a scroll of teleportation {unknown}
Potions
 a - a potion of agility
 p - a potion of poison {unknown}
 s - 2 potions of might
 u - 3 potions of haste
 v - 8 potions of curing
 x - 2 potions of cancellation
 B - a potion of resistance
 Y - 4 potions of flight
Miscellaneous
 f - a sack of spiders
 n - a crystal ball of energy
 L - an ornate deck of summoning
 S - a stone of tremors
 V - a box of beasts {used: 1}
Comestibles
 c - 9 bread rations
 g - a beef jerky
 h - 5 meat rations
 k - a slice of pizza
 w - 10 chunks of flesh
 N - 4 fruits


   Skills:
 * Level 15.4 Fighting
 - Level 14.8(16.5) Axes
 - Level 12.7(15.5) Maces & Flails
 + Level 5.6 Bows
 + Level 13.2 Armour
 - Level 3.3 Dodging
 + Level 6.8 Shields
 - Level 6.2 Evocations


You had 16 spell levels left.
You didn't know any spells.

Dungeon Overview and Level Annotations

Branches:
Dungeon (11/15)            Temple (0/1) D:6            Lair (8/8) D:10
 Shoals (3/4) Lair:3        Snake (0/4) Lair:6        Slime (0/6) Lair:6
    Orc (4/4) D:11            Elf (2/3) Orc:3

Altars:
Cheibriados
Elyvilon
Kikubaaqudgha
Makhleb
Qazlal
Ru
Sif Muna
Trog
Vehumet
The Shining One
Beogh
Jiyva

Shops:
D:7 *   D:11 [(   Orc:2 !   Orc:4 [!(:   Shoals:2 %

Annotations:
Elf:2 5 runed doors


Innate Abilities, Weirdness & Mutations

You have a pair of horns on your head.
You have a moderately thin skeletal structure (Dex +4, Stealth+).
You are slightly more attuned to the shadows.
Your magical and physical power is slightly enhanced at high health.
When hurt, damage is shared between your health and your magic reserves.
You regenerate magic rapidly.


Message History

Your headbutt misses the merfolk avatar.
The merfolk avatar is almost dead.
You feel sick.
The merfolk avatar chants its luring song.
Your unstable footing causes you to fumble your attack.
The merfolk avatar chants its luring song.
You block the drowned soul's attack.
The merfolk avatar chants its luring song.
Your unstable footing causes you to fumble your attack.
The drowned soul touches you. The drowned soul drowns you!
* * * LOW HITPOINT WARNING * * *
You block the drowned soul's attack. x2
The merfolk avatar chants its luring song.
Your unstable footing causes you to fumble your attack.
You feel sick.
You are no longer poisoned.
The drowned soul touches you. The drowned soul drowns you!
* * * LOW HITPOINT WARNING * * *
The drowned soul touches you. The drowned soul drowns you!
You die...

...≈≈≈≈≈≈≈≈≈≈...≈≈..≈P...P.
#...≈≈≈≈≈≈≈....≈≈≈≈≈≈P.....
....≈≈≈≈≈≈....[.≈≈....P....
...≈≈≈≈≈≈....P≈≈.P..PP#PPP
..≈≈W≈≈≈≈..##.≈....≈.P....
[.≈≈≈≈≈≈≈...##..).≈≈...PP.
.≈≈≈≈≈≈≈≈...<..†≈≈≈.PP#...
..≈≈≈≈≈≈≈≈≈≈)....≈>.≈.....
..≈≈≈≈≈≈≈@≈≈≈).P....≈.....
≈≈≈≈≈≈≈Wm≈≈≈)).P.#..≈....≈
≈≈≈≈≈≈≈≈≈≈≈.≈P...##P.PP≈≈P
≈≈.≈≈≈≈≈≈(≈≈P≈P.......P≈PP
≈≈≈≈≈≈≈≈≈≈≈PPP≈..P....≈≈≈≈
≈≈≈≈≈≈≈≈≈≈≈≈PP..≈P.PPP≈≈≈≈
≈≈≈≈≈≈≈≈≈W.≈≈≈..PP≈≈≈≈≈
≈≈...≈≈..≈≈...≈≈≈≈≈≈≈
≈≈≈≈≈≈≈≈.≈P≈≈≈≈≈


You could see a merfolk avatar and 3 drowned souls.

Vanquished Creatures
  Nikola (Shoals:1)
  2 deep elf sorcerers (Elf:1)
  2 deep elf annihilators
  Azrael (Orc:4)
  5 dire elephants (Lair:8)
  4 merfolk impalers
  2 deep elf death magi
  2 blizzard demons (IceCv)
  Josephine (D:11)
  13 hydras
  An anaconda (Lair:8)
  3 merfolk avatars
  Erolcha (D:8)
  3 satyrs (Shoals:2)
  4 ogre magi (Orc:4)
  3 dancing weapons (Elf:2)
  Urug (D:11)
  Sonja (Orc:4)
  23 death yaks
  Nergalle (D:11)
  15 deep elf knights
  5 ice devils (IceCv)
  A skeletal warrior (D:11)
  10 sea snakes
  9 deep elf summoners
  An obsidian statue (Elf:2)
  An orange crystal statue (Elf:2)
  A necromancer (D:11)
  4 lindwurms (Lair:7)
  3 hill giants
  4 orc knights (Orc:4)
  8 orc sorcerers (Orc:4)
  17 harpies
  4 griffons
  A cyclops (D:11)
  5 fauns
  12 deep elf conjurers
  4 water nymphs
  A centaur zombie (D:11)
  2 ugly things
  4 elephants (Lair:8)
  A manticore (D:11)
  4 torpor snails
  An ice statue (IceCv)
  4 sirens (Shoals:2)
  6 black mambas
  17 spiny frogs
  A kobold demonologist (D:11)
  11 komodo dragons
  A golden dragon simulacrum (IceCv)
  4 anaconda simulacra (IceCv)
  4 freezing wraiths (IceCv)
  A blue devil (IceCv)
  3 trolls
  20 merfolk
  A fire drake (Lair:1)
  10 deep elf priests
  20 blink frogs
  7 snapping turtles
  2 wind drakes
  A water elemental (Shoals:2)
  2 flying skulls (D:11)
  2 basilisks
  27 deep elf magi
  5 wraiths (D:11)
  A spriggan (shapeshifter) (Elf:1)
  3 fire elementals (Orc:4)
  23 yaks
  2 hungry ghosts
  A death yak simulacrum (IceCv)
  A wyvern (D:9)
  24 deep elf fighters
  9 hippogriffs
  13 wolves
  A warg (Orc:1)
  2 steam dragons
  4 harpy simulacra (IceCv)
  Edmund (D:6)
  3 hell hounds (Orc:4)
  5 hydra simulacra (IceCv)
  22 water moccasins
  14 porcupines
  4 iron troll simulacra (IceCv)
  2 sky beasts
  A swamp drake (Orc:2)
  11 ice beasts
  20 orc warriors
  9 ogres
  3 phantoms
  A big kobold (D:8)
  2 black bears (D:7)
  5 necrophages
  9 centaurs
  An ettin simulacrum (IceCv)
  Blork the orc (Orc:2)
  15 crocodiles
  14 giant frogs
  A wyvern zombie (D:10)
  8 scorpions
  2 wyvern skeletons (D:11)
  An elephant simulacrum (IceCv)
  3 killer bees (D:9)
  9 wights
  7 crimson imps
  2 giant frog zombies (D:11)
  4 hounds
  2 draconian simulacra (IceCv)
  4 giant frog skeletons
  22 orc priests
  49 orc wizards
  A jelly (D:9)
  6 worker ants
  5 centaur skeletons
  Jessica (D:2)
  11 iguanas
  Terence (D:2)
  A spriggan simulacrum (IceCv)
  Natasha (thrice) (D:3)
  An iron imp (Orc:2)
  30 sheep
  3 troll simulacra (IceCv)
  2 centaur simulacra (IceCv)
  A hound zombie (D:11)
  3 hound skeletons
  Robin (D:2)
  A gnoll (Lair:1)
  5 worker ant zombies
  16 adders
  81 river rats
  8 white imps
  3 naga simulacra (IceCv)
  3 shadow imps
  2 oozes
  8 ufetubi (IceCv)
  An adder zombie (D:7)
  2 worms (D:2)
  An adder skeleton (D:5)
  171 orcs
  6 giant cockroaches
  21 goblins
  9 hobgoblins
  8 jackals
  4 ball pythons
  8 bats
  2 giant geckos
  A giant gecko skeleton (D:6)
  A giant gecko zombie (D:5)
  5 giant newts
  A jackal skeleton (D:6)
  10 kobolds
  4 quokkas
  8 rats
  5 fungi
  13 plants
1160 creatures vanquished.

Vanquished Creatures (collateral kills)
  An orc priest (Orc:4)
1 creature vanquished.

Vanquished Creatures (others)
  28 fungi
  31 plants
59 creatures vanquished.

Grand Total: 1220 creatures vanquished

Notes
Turn   | Place    | Note
--------------------------------------------------------------
     0 | D:1      | lucasterio the Demonspawn Berserker began the quest for the Orb.
     0 | D:1      | Reached XP level 1. HP: 18/18 MP: 1/1
   377 | D:1      | Gained mutation: You have a somewhat thin skeletal structure (Dex +2, Stealth). [demonic ancestry]
   377 | D:1      | Reached XP level 2. HP: 13/24 MP: 2/2
   882 | D:1      | Found an ancient bone altar of Kikubaaqudgha.
  1200 | D:2      | Noticed Jessica
  1207 | D:2      | Killed Jessica
  1207 | D:2      | Reached XP level 3. HP: 10/29 MP: 3/3
  1599 | D:2      | Reached ** piety under Trog
  1628 | D:2      | Found a snail-covered altar of Cheibriados.
  1958 | D:2      | Gained mutation: You have a moderately thin skeletal structure (Dex +4, Stealth+). [demonic ancestry]
  1958 | D:2      | Reached XP level 4. HP: 25/35 MP: 4/4
  2006 | D:2      | Noticed Robin
  2182 | D:2      | Killed Robin
  2358 | D:2      | Noticed Terence
  2367 | D:2      | Killed Terence
  2367 | D:2      | Reached skill level 4 in Maces & Flails
  2463 | D:2      | Gained mutation: When hurt, damage is shared between your health and your magic reserves. [demonic ancestry]
  2463 | D:2      | Reached XP level 5. HP: 37/41 MP: 5/5
  2816 | D:3      | Noticed Natasha
  2825 | D:3      | Killed Natasha
  3062 | D:3      | Reached *** piety under Trog
  3387 | D:3      | Noticed Natasha
  3395 | D:3      | Killed Natasha
  3547 | D:3      | Noticed Natasha
  3555 | D:3      | Killed Natasha
  3858 | D:4      | Gained mutation: You have a pair of small horns on your head. [demonic ancestry]
  3858 | D:4      | Reached XP level 6. HP: 37/47 MP: 4/6
  4169 | D:4      | Noticed a phantom
  4186 | D:4      | Killed a phantom
  4186 | D:4      | Reached skill level 5 in Maces & Flails
  4401 | D:4      | Found an ancient bone altar of Kikubaaqudgha.
  4468 | D:4      | Got a pair of ancient boots
  4480 | D:4      | Identified the cursed +0 pair of boots "Henag" {rN+ Str+5 Int-5} (You found it on level 4 of the Dungeon)
  4494 | D:4      | Reached skill level 5 in Armour
  4556 | D:4      | Noticed an ogre
  4580 | D:4      | Killed an ogre
  4580 | D:4      | Reached XP level 7. HP: 52/52 MP: 7/7
  4850 | D:5      | Entered Level 5 of the Dungeon
  5097 | D:5      | Reached **** piety under Trog
  5188 | D:5      | Reached skill level 6 in Maces & Flails
  5490 | D:5      | Found a stormy altar of Qazlal.
  5614 | D:5      | Reached XP level 8. HP: 25/58 MP: 8/8
  5962 | D:6      | Got an ancient chain mail
  5973 | D:6      | Identified the +8 chain mail of Mesaujoa {MR++} (You found it on level 6 of the Dungeon)
  5979 | D:6      | Found a bloodstained altar of Trog.
  6301 | D:6      | Found a staircase to the Ecumenical Temple.
  6382 | D:6      | Noticed Edmund
  6397 | D:6      | Killed Edmund
  6397 | D:6      | Reached skill level 7 in Maces & Flails
  7068 | D:7      | Found a burning altar of Makhleb.
  7237 | D:7      | Reached skill level 8 in Maces & Flails
  7254 | D:7      | Found Huasox's General Store.
  7262 | D:7      | Bought a scroll of identify for 28 gold pieces
  7262 | D:7      | Bought a scroll of remove curse for 42 gold pieces
  7262 | D:7      | Bought a scroll of identify for 28 gold pieces
  7262 | D:7      | Bought a potion of brilliance for 56 gold pieces
  7262 | D:7      | Bought a scroll of magic mapping for 49 gold pieces
  7295 | D:7      | Reached XP level 9. HP: 63/63 MP: 7/9
  7446 | D:7      | Reached ***** piety under Trog
  7482 | D:7      | Found a glowing golden altar of the Shining One.
  7540 | D:7      | Found a white marble altar of Elyvilon.
  8196 | D:8      | Reached skill level 9 in Maces & Flails
  8206 | D:8      | Noticed Erolcha
  8216 | D:8      | Killed Erolcha
  8446 | D:8      | Reached XP level 10. HP: 24/70 MP: 3/10
  8450 | D:8      | Got an iridescent battleaxe
  9799 | D:8      | Reached skill level 10 in Maces & Flails
  9821 | D:8      | Identified the cursed +3 battleaxe "Killer Klown's Curse" {chop, rN+} (You found it on level 8 of the Dungeon)
  9873 | D:9      | Noticed a red ugly thing
  9885 | D:9      | Killed a red ugly thing
  9885 | D:9      | Reached skill level 1 in Axes
  9885 | D:9      | Reached skill level 10 in Armour
 10388 | D:9      | Found a sacrificial altar of Ru.
 11218 | D:10     | Entered Level 10 of the Dungeon
 11225 | D:10     | Noticed a hill giant
 11233 | D:10     | Killed a hill giant
 11359 | D:10     | Found a staircase to the Lair.
 11465 | D:10     | Reached skill level 5 in Axes
 11998 | D:11     | Noticed a green ugly thing
 12039 | D:11     | Noticed a hill giant
 12048 | D:11     | Killed a hill giant
 12259 | D:11     | Received a gift from Trog
 12263 | D:11     | Got a steaming war axe {god gift}
 12306 | D:11     | Identified the +13 war axe of the Middle {chop, rPois Dex+2 Stlth+} (Trog gifted it to you on level 11 of the Dungeon)
 12359 | D:11     | Noticed a soul eater
 12368 | D:11     | Gained mutation: You are slightly more attuned to the shadows. [demonic ancestry]
 12368 | D:11     | Reached XP level 11. HP: 68/73 MP: 9/11
 12386 | D:11     | Found Hemy's Armour Shop.
 12387 | D:11     | Found a staircase to the Orcish Mines.
 12390 | D:11     | Found Qeduch's Weapon Shop.
 12421 | D:11     | Noticed Urug
 12428 | D:11     | Killed Urug
 12434 | D:11     | Killed a green ugly thing
 12434 | D:11     | Reached skill level 11 in Armour
 12561 | D:11     | Noticed Josephine
 12585 | D:11     | Killed Josephine
 12684 | D:11     | Noticed Nergalle
 12695 | D:11     | Killed Nergalle
 12734 | D:11     | Noticed a cyclops
 12743 | D:11     | Killed a cyclops
 13141 | D:11     | Noticed a manticore
 13144 | D:11     | Killed a manticore
 13185 | D:11     | Noticed a skeletal warrior
 13186 | D:11     | Noticed a necromancer
 13203 | D:11     | Killed a skeletal warrior
 13207 | D:11     | Killed a necromancer
 13469 | D:11     | Gained mutation: You regenerate magic rapidly. [demonic ancestry]
 13469 | D:11     | Reached XP level 12. HP: 69/79 MP: 9/12
 13507 | Lair:1   | Entered Level 1 of the Lair of Beasts
 13507 | Lair:1   | Noticed a seven-headed hydra
 13514 | Lair:1   | Killed a seven-headed hydra
 13562 | Lair:1   | Reached skill level 10 in Axes
 14509 | Lair:1   | Received a gift from Trog
 15132 | Lair:2   | Received a gift from Trog
 15140 | Lair:2   | Reached skill level 5 in Fighting
 15918 | Lair:2   | Noticed a four-headed hydra
 15925 | Lair:2   | Killed a four-headed hydra
 16383 | Lair:3   | Found a staircase to the Shoals.
 16842 | Lair:3   | Noticed a five-headed hydra
 16853 | Lair:3   | Killed a five-headed hydra
 17252 | Lair:4   | Reached XP level 13. HP: 86/96 MP: 13/13
 17316 | Lair:4   | Received a gift from Trog
 17532 | Lair:4   | Reached skill level 12 in Axes
 18092 | Lair:5   | Got a twisted war axe
 18093 | Lair:5   | Identified the +6 war axe "Cuiten" {flame, +Blink MR+} (You found it on level 5 of the Lair of Beasts)
 18988 | Lair:6   | Received a gift from Trog
 19024 | Lair:6   | Got a steaming dire flail {god gift}
 19026 | Lair:6   | Identified the +2 dire flail "Saefaesk" {crush, Str+2 Dex+2} (Trog gifted it to you on level 6 of the Lair of Beasts)
 19466 | Lair:6   | Found a staircase to the Snake Pit.
 19949 | Lair:6   | Found a viscous altar of Jiyva.
 19949 | Lair:6   | Found a staircase to the Slime Pits.
 20157 | Lair:6   | Found a runed door.
 20360 | Lair:6   | Reached skill level 10 in Fighting
 20751 | Lair:7   | Reached XP level 14. HP: 57/108 MP: 14/14
 20996 | Lair:7   | Reached ****** piety under Trog
 21080 | Lair:7   | Received a gift from Trog
 22533 | Lair:8   | Entered Level 8 of the Lair of Beasts
 22582 | Lair:8   | Found a deep blue altar of Sif Muna.
 22810 | Lair:8   | Reached skill level 13 in Axes
 23312 | Lair:8   | Received a gift from Trog
 23895 | Lair:8   | HP: 5/112 [dire elephant (18)]
 25310 | Lair:7   | Gained mutation: You have a pair of horns on your head. [demonic ancestry]
 25310 | Lair:7   | Reached XP level 15. HP: 118/118 MP: 11/15
 25315 | Lair:7   | Reached skill level 14 in Axes
 25572 | Lair:2   | Gained mutation: Your magical and physical power is slightly enhanced at high health. [demonic ancestry]
 25572 | Lair:2   | Reached XP level 16. HP: 125/125 MP: 15/18
 25724 | Orc:1    | Entered Level 1 of the Orcish Mines
 25822 | Orc:1    | Received a gift from Trog
 26184 | Orc:2    | Found Ryikaah's Distillery.
 26280 | Orc:2    | Bought a potion of heal wounds for 75 gold pieces
 26280 | Orc:2    | Bought a potion of heal wounds for 75 gold pieces
 26280 | Orc:2    | Bought a potion of heal wounds for 75 gold pieces
 26280 | Orc:2    | Bought a potion of heal wounds for 75 gold pieces
 26280 | Orc:2    | Bought a potion of curing for 45 gold pieces
 26460 | Orc:3    | Found a roughly hewn altar of Beogh.
 26714 | Orc:3    | Found a staircase to the Elven Halls.
 26790 | Orc:3    | Received a gift from Trog
 27210 | Orc:2    | Noticed Blork the orc
 27215 | Orc:2    | Killed Blork the orc
 27265 | Orc:2    | Got a twisted hat
 27280 | Orc:2    | Identified the +1 hat of the Forgotten Nights {rElec rPois Str+3 Int-2} (You found it on level 2 of the Orcish Mines)
 27432 | Orc:4    | Entered Level 4 of the Orcish Mines
 27783 | Orc:4    | Noticed Sonja
 27787 | Orc:4    | Killed Sonja
 27838 | Orc:4    | Noticed Azrael
 27847 | Orc:4    | Killed Azrael
 28386 | Orc:4    | Received a gift from Trog
 28391 | Orc:4    | Found an ancient bone altar of Kikubaaqudgha.
 28426 | Orc:4    | Found Genicy's Antique Armour Emporium.
 28448 | Orc:4    | Bought a pair of embroidered gloves for 112 gold pieces
 28459 | Orc:4    | Found Ryong's Distillery.
 28490 | Orc:4    | Found a radiant altar of Vehumet.
 28545 | Orc:4    | Found a roughly hewn altar of Beogh.
 28564 | Orc:4    | Found Pacri's Antique Weapon Emporium.
 28583 | Orc:4    | Found Mofim's Book Emporium.
 29220 | Elf:1    | Entered Level 1 of the Elven Halls
 29770 | Elf:1    | Received a gift from Trog
 29771 | Elf:1    | Reached skill level 1 in Bows
 30142 | Elf:1    | Received a gift from Trog
 30243 | Elf:1    | Identified the Volume of Battle Magic
 30568 | Elf:2    | Found a huge runed gate.
 30568 | Elf:2    | Found a huge runed gate.
 30568 | Elf:2    | Found a huge runed gate.
 30568 | Elf:2    | Found a huge runed gate.
 30569 | Elf:2    | Found a huge runed gate.
 30606 | Elf:2    | Found a gateway to a bazaar.
 30622 | Bazaar   | Entered a bazaar
 30624 | Bazaar   | Found Xaty's Antique Armour Boutique.
 30631 | Bazaar   | Found Godic's Jewellery Boutique.
 30632 | Bazaar   | Found Bocvupn's Antique Weapon Boutique.
 30632 | Bazaar   | Found Xasuxes's Gadget Boutique.
 30675 | Bazaar   | Bought a steaming scale mail for 189 gold pieces
 30680 | Bazaar   | Bought a wand of heal wounds (5) for 486 gold pieces
 30698 | Bazaar   | Identified the +1 scale mail of the Sky {MP+9 Str+4 Int-4 Dex+3} (You bought it in a shop in a bazaar)
 30698 | Bazaar   | Lost intelligence.
 30710 | Bazaar   | Bought a +2 ring of strength for 127 gold pieces
 30722 | Bazaar   | Bought an ornate deck of summoning for 180 gold pieces
 30727 | Bazaar   | Bought a faintly glowing ring mail for 189 gold pieces
 30737 | Bazaar   | Identified the +4 ring mail of Tixam {+Inv rPois} (You bought it in a shop in a bazaar)
 30771 | Elf:2    | Found a frozen archway.
 30815 | IceCv    | Entered an ice cave
 31599 | IceCv    | Reached XP level 17. HP: 112/136 MP: 16/20
 31608 | IceCv    | Received a gift from Trog
 31614 | IceCv    | HP: 2/136 [eight-headed hydra simulacrum (13)]
 32779 | IceCv    | Identified the Catalogue of Black Magic and Ice
 32854 | IceCv    | Got a dazzling hat
 32865 | IceCv    | Identified the +0 hat "Cutz" {*Corrode Int+4 Dex+5} (You found it in an ice cave)
 33527 | Elf:1    | Reached skill level 5 in Evocations
 33817 | Elf:2    | Reached skill level 5 in Shields
 33859 | Elf:2    | HP: 6/139 [deep elf knight/stone arrow (7)]
 34642 | Elf:2    | Received a gift from Trog
 35343 | Shoals:1 | Entered Level 1 of the Shoals
 35651 | Shoals:1 | Noticed Nikola
 35660 | Shoals:1 | Killed Nikola
 36468 | Shoals:2 | Found Loru's Food Boutique.
 36483 | Shoals:2 | Received a gift from Trog
 36484 | Shoals:2 | Got a blackened rapier {god gift}
 36955 | Shoals:2 | Reached skill level 5 in Bows
 37020 | Shoals:2 | Reached skill level 15 in Fighting
 37800 | Shoals:2 | Got a warped flail {freeze}
 38343 | Shoals:3 | Got an encrusted ring mail
 38577 | Shoals:3 | Received a gift from Trog
 38605 | Shoals:3 | HP: 3/142 [drowned by a drowned soul[a merfolk avatar] (9)]
 38615 | Shoals:3 | Drowned by a drowned soul

Action                   |  1- 3 |  4- 6 |  7- 9 | 10-12 | 13-15 | 16-18 || total
-------------------------+-------+-------+-------+-------+-------+-------++-------
Melee: Mace              |   118 |   267 |   396 |    65 |       |       ||   846
       Battleaxe         |       |       |       |   157 |       |       ||   157
       War axe           |       |       |       |   254 |   567 |   967 ||  1788
       Flail             |       |       |       |    90 |       |       ||    90
       Great mace        |       |       |       |    75 |       |       ||    75
       Dire flail        |       |       |       |       |    86 |       ||    86
 Fire: Longbow           |       |       |       |       |       |     4 ||     4
Invok: Berserk           |       |     6 |     6 |     9 |     6 |     9 ||    36
       Trog's Hand       |       |       |     1 |     1 |       |     1 ||     3
       Burn Spellbooks   |       |       |       |     2 |     1 |     6 ||     9
 Abil: Evoke Blink       |       |       |       |       |    10 |       ||    10
Evoke: Wand              |       |       |       |       |     1 |     1 ||     2
       Stone of tremors  |       |       |       |       |       |     2 ||     2
       Box of beasts     |       |       |       |       |       |     1 ||     1
  Use: Scroll            |       |       |       |    15 |     9 |     1 ||    25
       Potion            |       |       |       |       |     1 |     8 ||     9
 Stab: Sleeping          |     3 |       |     1 |     5 |     5 |     3 ||    17
       Distracted        |       |       |       |     1 |     3 |     1 ||     5
  Eat: Chunk             |     3 |    14 |    14 |    29 |    17 |    70 ||   147
       Meat ration       |       |       |     1 |     3 |     2 |       ||     6
       Pizza             |       |       |       |     1 |       |       ||     1
       Bread ration      |       |       |       |       |     1 |       ||     1
       Beef jerky        |       |       |       |       |       |     1 ||     1
